 Dungeon Crawl Stone Soup version 0.24-a0-487-g57318f2ed0 (webtiles) character file.

Game seed: 761637860962629109

23 forest the Sneak (level 2, 0/14 HPs)
             Began as a Spriggan Assassin on July 10, 2019.
             Succumbed to an adder's poison
             ... on level 2 of the Dungeon.
             The game lasted 00:01:36 (560 turns).

forest the Sneak (Spriggan Assassin)                 Turns: 560, Time: 00:01:37

Health: 0/14       AC:  4    Str:  7    XL:     2   Next: 75%
Magic:  3/3        EV: 17    Int: 12    God:
Gold:   101        SH:  0    Dex: 17    Spells: 1/1 levels left

rFire    . . .     SeeInvis +   a - +2 dagger
rCold    + . .     Gourm    .   (shield restricted)
rNeg     . . .     Faith    .   b - +0 robe
rPois    .         Spirit   .   (helmet restricted)
rElec    .         Reflect  .   c - +0 cloak
rCorr    .         Harm     .   (gloves unavailable)
MR       .....                  (boots unavailable)
Stlth    ++++......             (no amulet)
HPRegen  0.04/turn              (no ring)
MPRegen  0.08/turn              (no ring)

@: lethally poisoned (0 -> -6), very quick
A: very small, unfitting armour, see invisible, cold resistance 1, herbivore,
speed 3, shaggy fur 1, slow metabolism 2
a: no special abilities


You were on level 2 of the Dungeon.
You were not hungry.

You visited 1 branch of the dungeon, and saw 2 of its levels.

You collected 101 gold pieces.

Inventory:

Hand Weapons
 a - a +2 dagger (weapon)
Missiles
 d - a poisoned dart (quivered)
 e - 2 curare-tipped darts
 h - 20 sling bullets
 m - 4 stones
Armour
 b - a +0 robe (worn)
 c - a +0 cloak (worn)
Scrolls
 j - 2 scrolls of identify {unknown}
 l - a scroll of random uselessness {unknown}
 n - 2 scrolls of teleportation {unknown}
Potions
 i - a potion of curing {unknown}
 k - 2 potions of heal wounds {unknown}
Comestibles
 f - 2 rations


   Skills:
 + Level 1.6 Fighting
 + Level 2.5 Short Blades
 + Level 2.0 Throwing
 + Level 2.0 Dodging
 + Level 6.7 Stealth


You had one spell level left.
You didn't know any spells.
Your spell library was empty.

Dungeon Overview and Level Annotations

Branches:
Dungeon (1/15)

Altars:


Innate Abilities, Weirdness & Mutations

You are very small and have problems with some larger weapons.
You are too small for most types of armour.
You have supernaturally acute eyesight. (SInv)
You are a herbivore.
You cover ground extremely quickly.
You need to consume almost no food.
Your flesh is cold resistant. (rC+)
You are covered in fur. (AC +1)


Message History

Press: ? - help, Shift-Dir - straight line, f/p - adder
Aim: an adder (almost dead)
You throw a poisoned dart. The poisoned dart hits the adder.
The adder is almost dead.
The adder barely misses you. The adder closely misses you.
There are no items here.
The adder misses you.
You see here a poisoned dart.
d - a poisoned dart The adder bites you.
* * * LOW HITPOINT WARNING * * *
You are lethally poisoned!
The adder poisons you!
* * * LOW HITPOINT WARNING * * *
You feel sick.
A goblin comes into view. It is wielding a +0 hand axe.
It was a potion of mutation.
You feel extremely strange. Fur sprouts all over your body.
You feel resistant to cold.
You die...

.....# #...###.....# .....#
#######g.K.......# .....#
#.....#.J.#...####
.....#####.....#.......#
.........+.....##......#
.....### ... #......#
####.#### #.# ##.....#
#.......####.#####.....#
#........(J...S.@g.....#
#......................#
#................$.....#
#.......####.##........#####
####.#### #...(.....(......
####.###############..#####
#........(..((...(...>#
#######################
....<.†#.........


You could see an ooze, an adder and a goblin (wandering).

Vanquished Creatures
  6 bats
  A goblin (D:2)
  3 hobgoblins (D:2)
  4 kobolds
  2 quokkas (D:2)
  2 frilled lizards
  3 rats (D:1)
21 creatures vanquished.

Notes
Turn   | Place    | Note
-------+----------+-------------------------------------------
     0 | D:1      | forest the Spriggan Assassin began the quest for the Orb.
     0 | D:1      | Reached XP level 1. HP: 10/10 MP: 2/2
    61 | D:1      | Reached skill level 6 in Stealth
   202 | D:1      | Reached XP level 2. HP: 14/14 MP: 3/3
   260 | D:1      | You fall into a shaft and drop 1 floor!
   560 | D:2      | Gained mutation: You are covered in fur. (AC +1) [potion of
                  | mutation]
   560 | D:2      | Gained mutation: Your flesh is cold resistant. (rC+)
                  | [potion of mutation]
   560 | D:2      | Succumbed to an adder's poison

Levels and vault maps discovered:
D:1:      wander_arrival_estate, layout_basic
D:2:      layout_basic, first_ration, minmay_fractal_squares_5

Skill      XL: |  1  2 |
---------------+-------+-----
Stealth        | 6 |  6.7
Dodging        | 2 |  2.0
Fighting       | |  1.6
Short Blades   | |  2.5
Throwing       | |  2.0

Action                   || total
-------------------------++-------
Melee: Dagger            ||    50
Throw: Dart              ||     8
  Use: Potion            ||     1
 Stab: Sleeping          ||     9
Armor: Robe              ||    15
Dodge: Dodged            ||    58

Table legend:
 A = Non-vault XP
 B = Vault XP
 C = Vault XP percentage of total XP
 D = Non-vault monster count
 E = Vault monster count
 F = Vault count percentage of total count
                 A         B        C        D         E       F
            +---------+---------+-------+---------+---------+-------
      Total |      32 |       2 |   5.9 |      20 |       1 |   4.8
            +---------+---------+-------+---------+---------+-------
        D:1 |      15 |       0 |   0.0 |      10 |       0 |   0.0
        D:2 |      17 |       2 |  10.5 |      10 |       1 |   9.1
            +---------+---------+-------+---------+---------+-------
